 Dungeon Crawl Stone Soup version 0.24.0-123-gd5b16e6ec5 (webtiles) character file.

Game seed: 14735472671938284775, levelgen mode: deterministic

326901 Curus the Slayer (level 20, -11/211 HPs)
             Began as a Minotaur Fighter on Feb 5, 2020.
             Was the Champion of Yredelemnul.
             Mangled by a vampire knight
             ... wielding a +0 great mace
              (18 damage)
             ... while paralysed by a vampire knight
             ... on level 2 of the Depths on Feb 6, 2020.
             The game lasted 05:06:56 (40716 turns).

Curus the Slayer (Minotaur Fighter)                Turns: 40716, Time: 05:06:56

Health: -11/211    AC: 37    Str: 24    XL:     20   Next: 77%
Magic:  24/24      EV:  2    Int: 12    God:    Yredelemnul [******]
Gold:   1729       SH:  0    Dex: 25    Spells: 19/19 levels left

rFire    . . .     SeeInvis +   a - +7 trident (freeze)
rCold    + + .     Gourm    .   Y - +5 shield of Experimentation {-Cast rElec Regen+}
rNeg     + . .     Faith    .   O - +5 plate armour {rC+}
rPois    .         Spirit   .   (helmet unavailable)
rElec    +         Reflect  .   c - +1 cloak of Starlight {rElec rC+ EV+4 Stlth--}
rCorr    .         Harm     .   b - +2 pair of gloves {Dex+3}
MR       +....     Clarity  +   d - +2 pair of boots {Fly} Stlth ..........NoCast +
                                G - amulet "Gebbis" {Regen+ Int+4 Dex+4}
HPRegen  1.25/turn              z - ring of see invisible
MPRegen  0.19/turn              J - ring "Roirhug" {+Fly rN+ Dex+3 Slay+2}

@: paralysed, vulnerable, flying, studying Translocations
A: retaliatory headbutt, horns 3, clarity, low mp 1, magic resistance 1, strong
1
}: 2/15 runes: decaying, gossamer
a: Recall Undead Slaves, Injury Mirror, Animate Dead, Drain Life, Enslave Soul,
Renounce Religion, Stop Flying


You were on level 2 of the Depths.
You worshipped Yredelemnul.
Yredelemnul was exalted by your worship.
You were not hungry.

You visited 7 branches of the dungeon, and saw 38 of its levels.
You also visited: Ossuary, Ice Cave and Wizlab.

You collected 4580 gold pieces.
You spent 2851 gold pieces at shops.

Inventory:

Hand Weapons
 a - a +7 trident of freezing (weapon)
Armour
 b - a +2 pair of gloves of dexterity (worn)
 c - the +1 cloak of Starlight (worn) {rElec rC+ EV+4 Stlth--}
   (You found it in a wizard's laboratory)

   It affects your evasion (+4).
   It protects you from cold.
   It insulates you from electricity.
   It makes you much less stealthy.
 d - a +2 pair of boots of flying (worn)
 O - a +5 plate armour of cold resistance (worn)
 T - a +2 chain mail of poison resistance
 Y - the +5 shield of Experimentation (worn) {-Cast rElec Regen+}
   (You acquired it on level 10 of the Dungeon)

   It insulates you from electricity.
   It prevents spellcasting.
   It increases your rate of regeneration.
Jewellery
 i - an uncursed ring of resist corrosion
 k - an uncursed ring of protection from magic
 n - the ring of Atiunn {rElec rN++ rCorr Str+3}
   (You took it off a deep elf sorcerer on level 2 of the Depths)

   [ring of resist corrosion]

   It affects your strength (+3).
   It insulates you from electricity.
   It greatly protects you from negative energy.
   It provides partial protection from all sources of acid and corrosion.
 r - an uncursed amulet of the acrobat
 z - a ring of see invisible (left hand)
 G - the amulet "Gebbis" (around neck) {Regen+ Int+4 Dex+4}
   (You bought it in a shop on level 2 of the Depths)

   [amulet of regeneration]

   It affects your intelligence (+4).
   It affects your dexterity (+4).
   It increases your rate of regeneration.
 J - the ring "Roirhug" (right hand) {+Fly rN+ Dex+3 Slay+2}
   (You found it on level 1 of the Lair of Beasts)

   [ring of flight]

   It affects your dexterity (+3).
   It affects your accuracy and damage with ranged weapons and melee attacks
   (+2).
   It protects you from negative energy.
   It lets you fly.
 L - an uncursed ring of poison resistance
 M - an uncursed ring of protection from fire
 Z - an uncursed ring of protection from cold
Wands
 x - a wand of polymorph (30)
 D - a wand of iceblast (19)
 E - a wand of enslavement (18)
 F - a wand of acid (29)
 H - a wand of flame (100)
 I - a wand of paralysis (20)
 P - a wand of clouds (3)
 Q - a wand of digging (20)
 W - a wand of scattershot (3)
Scrolls
 e - 28 scrolls of teleportation
 j - 46 scrolls of identify
 l - 11 scrolls of remove curse
 q - 5 scrolls of blinking
 u - a scroll of enchant weapon
 v - 4 scrolls of magic mapping
 A - 7 scrolls of fear
 N - a scroll of fog
 R - a scroll of brand weapon
 X - a scroll of summoning
Potions
 h - 15 potions of curing
 m - 8 potions of haste
 o - 4 potions of magic
 p - 6 potions of ambrosia
 s - 6 potions of agility
 w - 13 potions of heal wounds
 B - 3 potions of brilliance
 K - 2 potions of resistance
 S - a potion of invisibility
 U - a potion of might
 V - 5 potions of flight
Books
 C - a manual of Translocations
Comestibles
 f - 53 rations


   Skills:
 + Level 25.4 Fighting
 - Level 14.1 Polearms
 + Level 25.3 Armour
 - Level 10.0 Shields
 - Level 10.7 Invocations
 - Level 6.7 Evocations


You had 19 spell levels left.
You didn't know any spells.
Your spell library contained the following spells:

 Spells                   Type           Power        Failure   Level  Hunger
 Confusing Touch          Hex            #.....       94%         1    ##.....
 Flame Tongue             Conj/Fire      #....        94%         1    ##.....
 Magic Dart               Conj           #...         94%         1    ##.....
 Shock                    Conj/Air       #...         94%         1    ##.....
 Sting                    Conj/Pois      #...         94%         1    ##.....
 Summon Small Mammal      Summ           #...         94%         1    ##.....
 Blink                    Tloc           N/A          98%         2    ###....
 Call Imp                 Summ           #.......     98%         2    ###....
 Poisonous Vapours        Pois/Air       #.....       98%         2    ###....
 Shroud of Golubria       Chrm/Tloc      #.....       98%         2    ###....
 Slow                     Hex            #.......     98%         2    ###....
 Swiftness                Chrm/Air       #.......     98%         2    ###....
 Throw Flame              Conj/Fire      #.....       98%         2    ###....
 Call Canine Familiar     Summ           #.......     100%        3    ####...
 Confuse                  Hex            #.......     100%        3    ####...
 Conjure Flame            Conj/Fire      #.......     100%        3    ####...
 Gell's Gravitas          Tloc           #.........   100%        3    ####...
 Inner Flame              Hex/Fire       #.......     100%        3    ####...
 Lesser Beckoning         Tloc           #.........   100%        3    ####...
 Mephitic Cloud           Conj/Pois/Air  #.......     100%        3    ####...
 Static Discharge         Conj/Air       #.......     100%        3    ####...
 Summon Guardian Golem    Hex/Summ       #.......     100%        3    ####...
 Teleport Other           Tloc           #.......     100%        3    ####...
 Airstrike                Air            #.........   100%        4    #####..
 Olgreb's Toxic Radiance  Pois           #.......     100%        4    #####..
 Passage of Golubria      Tloc           N/A          100%        4    #####..
 Petrify                  Tmut/Erth      #.......     100%        4    #####..
 Sticky Flame             Conj/Fire      #.......     100%        4    #####..
 Summon Ice Beast         Ice/Summ       #.......     100%        4    #####..
 Summon Lightning Spire   Summ/Air       #.......     100%        4    #####..
 Fireball                 Conj/Fire      #.........   100%        5    ######.
 Lightning Bolt           Conj/Air       #.........   100%        5    ######.
 Metabolic Englaciation   Hex/Ice        #.........   100%        5    ######.
 Venom Bolt               Conj/Pois      #.........   100%        5    ######.
 Yara's Violent Unravell  Hex/Tmut       #.........   100%        5    ######.
 Freezing Cloud           Conj/Ice/Air   #.........   100%        6    #######
 Ring of Flames           Chrm/Fire      #.........   100%        7    #######


Dungeon Overview and Level Annotations

Branches:
Dungeon (15/15)            Temple (0/1) D:6            Lair (6/6) D:11
  Swamp (4/4) Lair:2       Spider (4/4) Lair:2        Slime (0/5) Lair:5
    Orc (2/2) D:9             Elf (0/3) Orc:2        Vaults (4/5) D:13
  Crypt (0/3) Vaults:2     Depths (3/5) D:15        Ossuary (visited)
  IceCv (visited)          WizLab (visited)

Altars:
Dithmenos
Elyvilon
Gozag
Kikubaaqudgha
Nemelex Xobeh
Ru
Sif Muna
Trog
Wu Jian
Xom
Yredelemnul

Shops:
D:13 !   Orc:2 *[}%=   Vaults:1 [   Depths:2 ==}:

Portals:
Hell: Depths:1 Depths:2 Depths:3
Abyss: Depths:2
Pandemonium: Depths:1
Trove: D:11 (give 5 potions of resistance)

Annotations:
Lair:4 exclusion: oklob plant


Innate Abilities, Weirdness & Mutations

You reflexively headbutt those who attack you in melee.
You have a pair of large horns on your head.
You possess an exceptional clarity of mind.
Your magical capacity is low. (-10% MP)
You are resistant to hostile enchantments. (MR+)
Your muscles are strong. (Str +2)


Message History

* * * LOW HITPOINT WARNING * * *
The yaktaur hits you but does no damage.
The yaktaur captain hits you but does no damage.
The stone giant hits you but does no damage.
The stone giant hits your juggernaut zombie!!
Your juggernaut zombie is destroyed!
The vampire knight hits you but does no damage.
The vampire knight bites you but does no damage.
The yaktaur hits you but does no damage.
The yaktaur completely misses you.
The yaktaur captain hits you but does no damage.
Your fire giant zombie hits the yaktaur with a +1 great sword of flaming!!
Your fire giant zombie burns the yaktaur.
The stone giant hits you but does no damage.
The yaktaur hits you.
* * * LOW HITPOINT WARNING * * *
The yaktaur hits your fire giant zombie!
The vampire knight hits you with a +0 great mace!!
You die...
Your body rises from the dead as a mindless zombie.

.....Z#♣..∩.♣♣#..Z#..#...#..###.#
..#..Z#♣Z....♣#..(#...#.#...##.#.
..#....∩VZ.∩.♣#...#....#)Z..#.#.#
......#♣Z....♣#...#...#.#...##.#Z
.#....#♣Z.∩.♣♣#...#..#...#Z.###Z#
##....#♣...♣♣##...#.#.....#.#.Z#Z
##....#♣♣♣♣♣##....##....(..##Z.##
##....#### ##..cC.#####.#########
####..[..###...C@.##..Z.#..##..ZZ
# ##.[...##...cVc#.#Z###.#.#.#.#
###...[.##...Z..#..#ZZ.#Z.#ZZZZ
##.#..........ZZ.###.Z.Z.#Z#Z#Z#
##...........#....#.#Z.#Z.#.Z(Z.Z
............###.Z.#.#.Z...###.#.#
....#.#.#.#.##....#..#...#..#....
Z............#...Z#.#.###.#.#.#.#
.#..#.#.#.#.......##..#....##....


You could see 2 stone giants, a yaktaur captain, a vampire knight (invisible), 2
yaktaurs, a friendly ice dragon zombie, a friendly yaktaur zombie, a friendly
fire giant zombie, a friendly tengu warrior zombie and a friendly deep troll
earth mage skeleton.

Vanquished Creatures
  A juggernaut (Depths:2)
  A tentacled monstrosity (Depths:2)
  2 liches
  An eldritch tentacle (WizLab)
  2 tentacled starspawn (WizLab)
  3 sphinxes
  2 thorn hunters (Swamp:4)
  2 tengu reavers
  5 fire giants
  An iron dragon (Depths:3)
  2 vault wardens
  4 frost giants
  A deep elf sorcerer (Vaults:2)
  A ghost moth (Spider:4)
  2 emperor scorpions (Spider:4)
  A balrug (Depths:1)
  A spriggan defender (Depths:2)
  A draconian shifter (WizLab)
  6 very ugly things
  5 ironheart preservers
  2 entropy weavers
  A war gargoyle (Vaults:3)
  A starcursed mass (WizLab)
  3 stone giants (Depths:2)
  2 vampire knights (Depths:2)
  2 spark wasps
  The ghost of Theblade12 the Blocker, a journeyman DsWn of Gozag (Orc:2)
  A dire elephant (D:15)
  6 ettins
  5 fire dragons
  A vault guard (Vaults:3)
  2 great orbs of eyes
  3 yaktaur captains
  The ghost of SeriousMike the Destroyer, a journeyman HuFE of Sif Muna (D:10)
  4 ice dragons
  A spriggan air mage (Depths:3)
  2 shambling mangroves
  4 rakshasas
  A catoblepas (D:14)
  3 alligators (Swamp:1)
  10 hydras
  A dancing weapon (D:13)
  A deep troll shaman (Depths:1)
  5 deep troll earth magi
  7 death yaks
  21 two-headed ogres
  6 ogre magi
  3 orc high priests (Orc:2)
  2 tengu warriors
  A spriggan berserker (Depths:2)
  A thrashing horror (WizLab)
  A sun demon (Depths:1)
  An iron troll (Depths:1)
  2 skeletal warriors (D:13)
  3 glowing orange brains
  A shadow wraith (Vaults:4)
  A deep elf archer (Vaults:2)
  10 deep trolls
  An obsidian statue (WizLab)
  3 spriggan druids
  4 wizards
  4 phantasmal warriors
  7 ironbrand convokers
  5 orc knights
  4 swamp dragons
  5 harpies (Vaults:1)
  Pikel (D:4)
  17 wolf spiders
  2 orb spiders
  4 orc sorcerers (Orc:2)
  2 deep elf magi
  29 ugly things
  A salamander (D:15)
  3 manticores
  A moth of wrath (Spider:2)
  2 cyclopes
  A torpor snail (Spider:2)
  A stone giant skeleton (WizLab)
  4 worldbinders (WizLab)
  A centaur zombie (D:14)
  3 guardian serpents
  A black mamba (shapeshifter) (Vaults:1)
  6 black mambas
  9 vault sentinels
  3 centaur skeletons
  An ice statue (IceCv)
  14 spiny frogs
  A smoke demon (WizLab)
  Joseph (D:7)
  An orange demon (WizLab)
  2 gargoyles (D:12)
  A kobold demonologist (D:14)
  An efreet (D:15)
  17 yaktaurs
  8 demonic crawlers
  An ancient zyme (WizLab)
  3 freezing wraiths
  8 komodo dragons
  A human skeleton (WizLab)
  A catoblepas skeleton (WizLab)
  2 queen bees (shapeshifter)
  6 trolls
  2 tyrant leeches
  11 jumping spiders
  Prince Ribbit (D:9)
  14 polar bears
  2 wind drakes (shapeshifter)
  9 hornets
  8 blink frogs
  9 bog bodies
  A stone giant simulacrum (Vaults:3)
  20 slime creatures
  A dream sheep (shapeshifter) (Depths:2)
  6 hippogriffs
  2 raiju (WizLab)
  A flying skull (Lair:3)
  3 shadows
  9 tarantellas
  4 spriggans
  3 wraiths
  2 ynoxinuls (WizLab)
  29 redbacks
  11 wyverns
  A vampire (D:14)
  42 yaks
  3 basilisks
  A golden eye (shapeshifter) (Vaults:2)
  7 vampire mosquitoes
  A hog (shapeshifter) (Vaults:2)
  A hungry ghost (D:12)
  4 steam dragons
  2 neqoxecs (D:10)
  A human simulacrum (Vaults:3)
  3 spatial vortices (WizLab)
  A warg (shapeshifter) (D:13)
  2 wargs (Vaults:1)
  An insubstantial wisp (WizLab)
  8 swamp worms
  4 acid dragons
  2 soldier ants
  2 hell hounds (WizLab)
  A small abomination (WizLab)
  3 porcupines
  10 water moccasins
  3 swamp drakes
  2 sky beasts
  19 orc warriors
  A phantom (D:6)
  9 ice beasts
  A slave (D:4)
  3 black bears
  A hornet zombie (D:8)
  An eye of draining (D:11)
  A necrophage (D:11)
  15 ogres
  16 wolves
  13 centaurs
  11 crocodiles
  3 big kobolds
  11 bullfrogs
  3 water moccasin zombies (Ossuary)
  7 scorpions
  12 killer bees
  6 wights
  8 howler monkeys
  2 electric eels (Spider:1)
  3 crimson imps
  19 orc priests
  9 jellies
  4 hounds
  21 orc wizards
  Crazy Yiuf (D:7)
  3 iguanas
  9 worker ants
  3 big kobold zombies (Ossuary)
  2 hound zombies
  2 mummies (Ossuary)
  A worker ant zombie (D:11)
  5 gnolls
  13 adders
  A shadow imp (D:8)
  An ooze (D:1)
  3 adder zombies (Ossuary)
  2 adder skeletons
  2 worms (D:3)
  4 dart slugs
  8 leopard geckos
  60 orcs
  9 giant cockroaches
  8 gnoll zombies (Ossuary)
  4 goblins
  8 hobgoblins
  4 jackals (D:2)
  16 kobolds
  7 quokkas
  A ball python (D:4)
  8 bats
  4 frilled lizards
  3 hobgoblin zombies (Ossuary)
  A jackal skeleton (D:9)
  A jackal zombie (D:7)
  6 kobold zombies (Ossuary)
  A leopard gecko skeleton (D:5)
  3 orc zombies (Ossuary)
  6 rats
  3 briar patches
1025 creatures vanquished.

Vanquished Creatures (collateral kills)
  Sojobo (Vaults:3)
  Bai Suzhen (Spider:4)
  Jorgrun (Spider:2)
  2 liches (Depths:2)
  2 thorn hunters
  A tengu reaver (Vaults:3)
  6 fire giants
  The ghost of Keoguots the Thaumaturge, an adept GnSk of Makhleb (Swamp:1)
  4 vault wardens
  2 deep elf sorcerers
  3 emperor scorpions (Spider:4)
  2 frost giants
  3 ghost moths (Spider:4)
  8 ironheart preservers
  A very ugly thing (Depths:1)
  4 entropy weavers
  A deep elf demonologist (Vaults:3)
  5 stone giants
  A minotaur (Orc:2)
  A spark wasp (Depths:2)
  3 ettins (Depths:2)
  A crystal guardian (Vaults:4)
  A deep elf death mage (Vaults:3)
  4 yaktaur captains
  A fire dragon (Lair:6)
  Josephine (D:13)
  2 great orbs of eyes
  A vault guard (Vaults:3)
  13 hydras
  4 rakshasas
  2 shambling mangroves
  2 ice dragons
  A quicksilver dragon skeleton (Depths:1)
  7 alligators
  4 centaur warriors
  A dancing weapon (D:13)
  A death knight (Vaults:2)
  3 deep troll shamans
  6 ogre magi
  2 deep troll earth magi (Depths:2)
  A tengu warrior (Depths:2)
  17 two-headed ogres
  3 death yaks
  A spriggan berserker (Depths:2)
  2 orc high priests (Orc:2)
  5 deep elf knights
  A sun demon (Depths:1)
  5 hell knights (Depths:2)
  A titan skeleton (Depths:1)
  An iron troll (Depths:1)
  2 skeletal warriors (D:13)
  A glowing orange brain (Vaults:4)
  A flayed ghost (Vaults:2)
  16 deep trolls
  7 deep elf archers
  A phantasmal warrior (Vaults:2)
  10 swamp dragons
  A wizard (Vaults:2)
  4 necromancers
  6 ironbrand convokers
  21 orb spiders
  A tengu zombie (Depths:1)
  20 wolf spiders
  3 orc knights
  9 ugly things
  A fire giant zombie (Depths:1)
  10 deep elf magi
  3 moths of wrath (Spider:1)
  5 cyclopes
  A black mamba (Lair:6)
  10 spiny frogs
  7 vault sentinels
  2 gargoyles
  A spiny frog (shapeshifter) (Vaults:3)
  A kobold demonologist (D:14)
  9 demonic crawlers
  3 komodo dragons
  30 yaktaurs
  2 freezing wraiths
  A redback zombie (Vaults:3)
  An efreet (D:11)
  3 trolls
  22 jumping spiders
  2 polar bears (IceCv)
  A polar bear (shapeshifter) (Vaults:4)
  25 hornets
  11 tyrant leeches
  A tarantella zombie (Spider:4)
  6 blink frogs
  11 bog bodies
  35 slime creatures
  2 hippogriffs
  A spriggan zombie (Depths:1)
  2 shadows
  24 tarantellas
  46 redbacks
  4 spriggans
  6 wyverns (Lair:6)
  5 wraiths
  7 yaks
  2 vampire mosquitoes (Swamp:4)
  A hungry ghost (D:14)
  Edmund (D:4)
  A spatial vortex (WizLab)
  A warg (Orc:1)
  7 swamp worms
  5 water moccasins
  9 swamp drakes
  6 orc warriors
  A phantom (D:11)
  An ice beast (D:14)
  An eye of draining (D:14)
  2 centaurs (Vaults:3)
  14 ogres
  9 wolves
  A big kobold (D:11)
  5 crocodiles
  7 bullfrogs
  4 earth elementals (Spider:2)
  A wyvern skeleton (D:13)
  5 killer bees
  A wight (D:13)
  2 electric eels
  A howler monkey (D:7)
  A human simulacrum (Vaults:1)
  3 orc wizards
  3 quasits (D:10)
  A gnoll shaman (Orc:2)
  3 orc priests
  A jelly (Lair:5)
  A worker ant (D:13)
  3 gnolls (Orc:2)
  An adder (D:11)
  A shadow imp (D:11)
  A worm (D:3)
  21 orcs
  A giant cockroach (D:4)
  4 kobolds (D:11)
  8 briar patches
  47 fungi
  4 pillars of salt (Vaults:4)
  56 plants
799 creatures vanquished.

Vanquished Creatures (others)
  5 profane servitors
  A juggernaut zombie (Depths:2)
  8 ghouls
  4 vampire knights
  A spark wasp zombie (Depths:2)
  7 flayed ghosts
  5 skeletal warriors
  A ghost moth zombie (Spider:4)
  7 phantasmal warriors
  7 wolf spider zombies
  A fire giant zombie (Depths:1)
  2 ugly thing zombies (Depths:2)
  2 ugly thing skeletons (Depths:1)
  2 elf zombies
  A death yak zombie (IceCv)
  A yaktaur skeleton (Vaults:2)
  8 redback zombies
  A ghoul skeleton (Depths:2)
  A polar bear (IceCv)
  An alligator zombie (Swamp:4)
  A jumping spider zombie (Spider:4)
  2 moth of wrath zombies
  4 tarantella zombies
  13 flying skulls
  3 spriggan zombies
  6 wraiths
  2 yaks (IceCv)
  2 vampires (Depths:1)
  3 two-headed ogre zombies
  A deep troll zombie (Depths:1)
  An ogre skeleton (Vaults:3)
  3 spiny frog zombies
  7 hornet zombies
  3 human zombies (Vaults:2)
  A swamp dragon zombie (Swamp:3)
  3 wolves (IceCv)
  2 blink frog zombies
  3 vampire mosquito zombies
  A blink frog skeleton (WizLab)
  2 hell hound zombies (WizLab)
  3 wyvern zombies (Lair:6)
  7 yaktaur zombies
  2 water moccasin zombies (Lair:6)
  2 wyvern skeletons (Lair:6)
  5 yak zombies (IceCv)
  2 polar bear zombies (IceCv)
  2 wights
  8 wolf zombies
  A yak skeleton (D:13)
  A bullfrog zombie (Lair:2)
  A quasit (D:10)
  3 centaur zombies
  An orc priest (D:13)
  3 centaur skeletons
  2 wolf skeletons (IceCv)
  A bullfrog skeleton (D:14)
  2 bog body skeletons (Swamp:4)
  2 killer bee zombies (D:13)
  2 ogre zombies (Vaults:4)
  A mummy (D:9)
  2 worker ant zombies
  A steam dragon zombie (D:15)
  A swamp drake zombie (Swamp:4)
  A howler monkey skeleton (D:13)
  2 adder zombies
  3 gnoll zombies (Orc:2)
  3 kobold zombies (D:14)
  7 orc skeletons
  31 orc zombies
  A quokka skeleton (D:10)
  6 briar patches
  A bush (Swamp:4)
  8 fungi
  3 pillars of salt (Vaults:4)
  14 plants (Lair:6)
  10 starspawn tentacles (WizLab)
274 creatures vanquished.

Grand Total: 2098 creatures vanquished

Notes
Turn   | Place    | Note
-------+----------+-------------------------------------------
     0 | D:1      | Curus the Minotaur Fighter began the quest for the Orb.
     0 | D:1      | Reached XP level 1. HP: 19/19 MP: 0/0
   110 | D:1      | Reached XP level 2. HP: 25/26 MP: 1/1
   354 | D:1      | Reached XP level 3. HP: 31/31 MP: 2/2
  1008 | D:2      | Found a white marble altar of Elyvilon.
  1033 | D:2      | Found a basalt altar of Yredelemnul.
  1060 | D:2      | Became a worshipper of Yredelemnul the Dark
  1227 | D:2      | Reached skill level 5 in Polearms
  1443 | D:2      | Reached XP level 4. HP: 39/39 MP: 3/3
  1969 | D:3      | Reached * piety under Yredelemnul
  1999 | D:3      | Found a shimmering altar of Xom.
  2184 | D:3      | Noticed an ogre
  2227 | D:3      | Killed an ogre
  2227 | D:3      | Reached XP level 5. HP: 22/45 MP: 4/4
  2569 | D:3      | Found a bloodstained altar of Trog.
  3067 | D:4      | Reached XP level 6. HP: 51/51 MP: 5/5
  3276 | D:4      | Reached ** piety under Yredelemnul
  3344 | D:4      | Noticed Edmund
  3356 | D:4      | Killed Edmund
  3356 | D:4      | Reached XP level 7. HP: 45/57 MP: 6/6
  3585 | D:4      | Noticed Pikel
  3620 | D:4      | Killed Pikel
  3708 | D:5      | Entered Level 5 of the Dungeon
  3723 | D:5      | Reached XP level 8. HP: 64/64 MP: 7/7
  3865 | D:5      | Found a sand-covered staircase.
  3870 | Ossuary  | Entered an ossuary
  3937 | Ossuary  | Reached *** piety under Yredelemnul
  4071 | Ossuary  | Gained mutation: You have a pair of large horns on your
                  | head. [potion of mutation]
  4071 | Ossuary  | Gained mutation: Your muscles are strong. (Str +2) [potion
                  | of mutation]
  4071 | Ossuary  | Gained mutation: You possess an exceptional clarity of
                  | mind. [potion of mutation]
  4071 | Ossuary  | Gained mutation: You are resistant to hostile enchantments.
                  | (MR+) [potion of mutation]
  4204 | D:5      | Found a sparkling altar of Nemelex Xobeh.
  4488 | D:5      | Found a sacrificial altar of Ru.
  4704 | D:6      | Reached XP level 9. HP: 70/70 MP: 8/8
  4957 | D:6      | Found a staircase to the Ecumenical Temple.
  5121 | D:6      | Found an opulent altar of Gozag.
  5266 | D:7      | Noticed Joseph
  5278 | D:7      | Killed Joseph
  5278 | D:7      | Reached skill level 5 in Fighting
  5278 | D:7      | Reached skill level 5 in Armour
  5363 | D:7      | Found a shimmering blue altar of Sif Muna.
  5542 | D:7      | Reached **** piety under Yredelemnul
  5896 | D:7      | Found a runed translucent door.
  5897 | D:7      | Noticed Crazy Yiuf
  6162 | D:7      | Killed Crazy Yiuf
  6299 | D:8      | Received a gift from Yredelemnul (a mummy)
  6471 | D:8      | Reached XP level 10. HP: 57/86 MP: 9/9
  6817 | D:9      | Noticed a two-headed ogre
  6832 | D:9      | Killed a two-headed ogre
  7359 | D:9      | Noticed Prince Ribbit
  7363 | D:9      | Killed Prince Ribbit
  7453 | D:9      | Found a staircase to the Orcish Mines.
  7540 | D:9      | Found an ornate altar of the Wu Jian Council.
  8272 | D:10     | Entered Level 10 of the Dungeon
  8279 | D:10     | Received a gift from Yredelemnul (a wight)
  8505 | D:10     | Found a transporter.
  8509 | D:10     | Noticed SeriousMike's ghost (journeyman HuFE)
  8712 | D:10     | Received a gift from Yredelemnul (a wraith)
  8724 | D:10     | Reached skill level 10 in Fighting
  8724 | D:10     | Reached skill level 10 in Armour
  9197 | D:10     | Found a transporter.
  9772 | D:11     | Found a staircase to the Lair.
  9813 | D:11     | Received a gift from Yredelemnul (3 flying skulls)
  9821 | D:11     | You fall into a shaft and drop 1 floor!
  9837 | D:12     | Reached XP level 11. HP: 55/101 MP: 10/10
 10017 | D:12     | Received a gift from Yredelemnul (a wight)
 10105 | D:11     | Found a frozen archway.
 10205 | IceCv    | Entered an ice cave
 10749 | IceCv    | Reached ***** piety under Yredelemnul
 11101 | IceCv    | Noticed a death yak
 11106 | IceCv    | Noticed a death yak
 11151 | IceCv    | Killed a death yak
 11203 | IceCv    | Killed a death yak
 11203 | IceCv    | Reached XP level 12. HP: 35/115 MP: 11/11
 11498 | IceCv    | Noticed a frost giant
 11533 | IceCv    | Killed a frost giant
 12452 | D:11     | Received a gift from Yredelemnul (5 flying skulls)
 12613 | D:11     | Found a portal to a secret trove of treasure.
 12667 | Lair:1   | Entered Level 1 of the Lair of Beasts
 12749 | Lair:1   | Got a steaming tin ring
 12762 | Lair:1   | Identified the ring "Roirhug" {+Fly rN+ Dex+3 Slay+2} (You
                  | found it on level 1 of the Lair of Beasts)
 12778 | Lair:1   | Reached skill level 1 in Invocations
 13720 | Lair:2   | Reached skill level 5 in Shields
 13741 | Lair:2   | Found a hole to the Spider Nest.
 13792 | Lair:2   | Noticed a four-headed hydra
 13799 | Lair:2   | Killed a four-headed hydra
 14293 | Lair:2   | Received a gift from Yredelemnul (a wraith)
 14303 | Lair:2   | Noticed a four-headed hydra
 14303 | Lair:2   | Noticed a seven-headed hydra
 14313 | Lair:2   | Killed a seven-headed hydra
 14313 | Lair:2   | Killed a four-headed hydra
 14313 | Lair:2   | Reached skill level 5 in Invocations
 14316 | Lair:2   | Found a staircase to the Swamp.
 14477 | Lair:3   | Noticed a death yak
 14477 | Lair:3   | Noticed a death yak
 14480 | Lair:3   | Noticed a death yak
 14483 | Lair:3   | Noticed a death yak
 14490 | Lair:3   | Killed a death yak
 14495 | Lair:3   | Killed a death yak
 14502 | Lair:3   | Killed a death yak
 14507 | Lair:3   | Killed a death yak
 14805 | Lair:3   | Reached XP level 13. HP: 123/123 MP: 16/16
 15166 | Lair:4   | Received a gift from Yredelemnul (4 flying skulls)
 15252 | Lair:4   | Received a gift from Yredelemnul (a skeletal warrior)
 15787 | Lair:5   | Found a staircase to the Slime Pits.
 15816 | Lair:5   | Got a smoking trident
 15817 | Lair:5   | Identified the +3 trident of Qoceprel {holy, *Slow Dex+8}
                  | (You found it on level 5 of the Lair of Beasts)
 15974 | Lair:5   | Reached skill level 10 in Shields
 16178 | Lair:5   | Reached skill level 1 in Evocations
 16709 | Lair:6   | Entered Level 6 of the Lair of Beasts
 16763 | Lair:6   | Received a gift from Yredelemnul (a skeletal warrior)
 16869 | Lair:6   | Got a heavily runed granite ring
 16871 | Lair:6   | Identified the ring "Poxeroadgh" {rF- MR+ Str+9} (You found
                  | it on level 6 of the Lair of Beasts)
 16974 | Lair:6   | Received a gift from Yredelemnul (a skeletal warrior)
 17043 | Lair:6   | Reached ****** piety under Yredelemnul
 17071 | Lair:6   | Received a gift from Yredelemnul (2 flying skulls)
 17085 | Lair:6   | Reached skill level 5 in Evocations
 17416 | Lair:6   | Received a gift from Yredelemnul (a wraith)
 17576 | Lair:6   | Reached skill level 10 in Invocations
 17576 | Lair:6   | Reached XP level 14. HP: 116/130 MP: 20/20
 18622 | Orc:1    | Entered Level 1 of the Orcish Mines
 18794 | Orc:2    | Entered Level 2 of the Orcish Mines
 18847 | Orc:2    | Found a staircase to the Elven Halls.
 18961 | Orc:2    | Found Sumahu's Jewellery Shoppe.
 19008 | Orc:2    | Found a runed translucent gate.
 19008 | Orc:2    | Found a runed translucent gate.
 19008 | Orc:2    | Found a runed translucent gate.
 19025 | Orc:2    | Noticed Theblade12's ghost (journeyman DsWn)
 19042 | Orc:2    | Received a gift from Yredelemnul (a wraith)
 19133 | Orc:2    | Received a gift from Yredelemnul (a wraith)
 19339 | Orc:1    | Received a gift from Yredelemnul (a wraith)
 19670 | Orc:2    | Found Qoinur's Gadget Shoppe.
 20360 | Orc:2    | Received a gift from Yredelemnul (a ghoul)
 20732 | Orc:2    | Found Havulux's Food Shoppe.
 20733 | Orc:2    | Found Akhimpot's Armour Boutique.
 20738 | Orc:2    | Found Kedoy's General Store.
 20742 | Orc:2    | Bought a potion of heal wounds for 85 gold pieces
 20886 | Orc:2    | Killed Theblade12's ghost
 21205 | D:10     | Killed SeriousMike's ghost
 21540 | D:10     | Identified a scroll of acquirement
 21541 | D:10     | Got a smoking shield
 21552 | D:10     | Identified the +5 shield of Experimentation {-Cast rElec
                  | Regen+} (You acquired it on level 10 of the Dungeon)
 21675 | D:12     | Reached skill level 15 in Fighting
 21771 | D:12     | Reached skill level 15 in Armour
 22138 | D:13     | Received a gift from Yredelemnul (a flayed ghost)
 22412 | D:13     | Found Yliteu's Distillery.
 22427 | D:13     | Bought 2 potions of haste for 280 gold pieces
 22427 | D:13     | Bought 2 potions of agility for 112 gold pieces
 22427 | D:13     | Bought 2 potions of heal wounds for 140 gold pieces
 22427 | D:13     | Bought a potion of curing for 42 gold pieces
 22427 | D:13     | Bought a potion of heal wounds for 70 gold pieces
 22427 | D:13     | Bought a potion of heal wounds for 70 gold pieces
 22427 | D:13     | Bought a potion of curing for 42 gold pieces
 22474 | D:13     | Received a gift from Yredelemnul (a ghoul)
 22519 | D:13     | Found a gate to the Vaults.
 22570 | D:13     | Reached XP level 15. HP: 137/143 MP: 22/22
 22663 | D:13     | Noticed Josephine
 22678 | D:13     | Killed Josephine
 23467 | D:14     | Received a gift from Yredelemnul (a profane servitor)
 23666 | D:14     | You fall into a shaft and drop 1 floor!
 23666 | D:15     | Entered Level 15 of the Dungeon
 23850 | D:15     | Received a gift from Yredelemnul (a flayed ghost)
 24007 | D:15     | Found a staircase to the Depths.
 24094 | D:15     | Found an opulent altar of Gozag.
 24216 | D:14     | Received a gift from Yredelemnul (a profane servitor)
 25162 | Swamp:1  | Entered Level 1 of the Swamp
 25481 | Swamp:1  | Noticed Keoguots's ghost (adept GnSk)
 25482 | Swamp:1  | Found a transporter.
 25609 | Swamp:1  | Found a transporter.
 25939 | Swamp:2  | You fall into a shaft and drop 1 floor!
 26215 | Swamp:2  | Noticed a thorn hunter
 26232 | Swamp:2  | Killed a thorn hunter
 26747 | Swamp:3  | Received a gift from Yredelemnul (a phantasmal warrior)
 26925 | Swamp:3  | Received a gift from Yredelemnul (a vampire)
 26932 | Swamp:3  | Reached XP level 16. HP: 157/157 MP: 21/23
 27404 | Swamp:1  | Killed Keoguots's ghost
 27555 | Spider:1 | Entered Level 1 of the Spider Nest
 27633 | Spider:1 | Received a gift from Yredelemnul (a ghoul)
 27848 | Spider:1 | Received a gift from Yredelemnul (a ghoul)
 28114 | Spider:2 | Noticed Jorgrun
 28123 | Spider:2 | Killed Jorgrun
 28197 | Spider:2 | Received a gift from Yredelemnul (a ghoul)
 28387 | Spider:2 | Received a gift from Yredelemnul (a profane servitor)
 28450 | Spider:2 | Received a gift from Yredelemnul (a profane servitor)
 28558 | Spider:2 | Received a gift from Yredelemnul (a ghoul)
 30127 | Swamp:4  | Entered Level 4 of the Swamp
 30251 | Swamp:4  | Received a gift from Yredelemnul (a ghoul)
 30254 | Swamp:4  | Noticed a thorn hunter
 30268 | Swamp:4  | Killed a thorn hunter
 30339 | Swamp:4  | Killed a thorn hunter
 30424 | Swamp:4  | Received a gift from Yredelemnul (a ghoul)
 30437 | Swamp:4  | Reached XP level 17. HP: 133/169 MP: 21/24
 30728 | Swamp:4  | Got a decaying rune of Zot
 31071 | Spider:4 | Entered Level 4 of the Spider Nest
 31116 | Spider:4 | Received a gift from Yredelemnul (a skeletal warrior)
 31151 | Spider:4 | Noticed Bai Suzhen
 31166 | Spider:4 | Killed Bai Suzhen
 31217 | Spider:4 | Received a gift from Yredelemnul (a skeletal warrior)
 31511 | Spider:4 | Received a gift from Yredelemnul (a vampire knight)
 31707 | Spider:4 | Got a gossamer rune of Zot
 32020 | D:12     | Got a glittering amber ring
 32022 | D:12     | Identified the ring of the Centipede {*Contam rElec rPois
                  | rN+ Int+5} (You acquired it on level 12 of the Dungeon)
 32063 | Vaults:1 | Entered Level 1 of the Vaults
 32082 | Vaults:1 | Received a gift from Yredelemnul (a ghoul)
 32531 | Vaults:1 | Received a gift from Yredelemnul (a phantasmal warrior)
 32997 | Vaults:1 | Found Kuffid's Antique Armour Shop.
 33005 | Vaults:1 | Bought a runed plate armour for 546 gold pieces
 33137 | Vaults:2 | Received a gift from Yredelemnul (a phantasmal warrior)
 33237 | Vaults:2 | Received a gift from Yredelemnul (a flayed ghost)
 33241 | Vaults:2 | Reached XP level 18. HP: 90/182 MP: 22/25
 33644 | Vaults:2 | Found a shadowy altar of Dithmenos.
 33733 | Vaults:2 | Received a gift from Yredelemnul (a skeletal warrior)
 34125 | Vaults:2 | Received a gift from Yredelemnul (a vampire knight)
 34207 | Vaults:2 | Found a staircase to the Crypt.
 34207 | Vaults:2 | Found an ancient bone altar of Kikubaaqudgha.
 34208 | Vaults:2 | Found a basalt altar of Yredelemnul.
 34523 | Vaults:3 | Received a gift from Yredelemnul (a phantasmal warrior)
 34639 | Vaults:3 | Received a gift from Yredelemnul (a vampire)
 34882 | Vaults:3 | Received a gift from Yredelemnul (a vampire)
 34999 | Vaults:3 | Received a gift from Yredelemnul (a flayed ghost)
 35018 | Vaults:3 | Found a shimmering altar of Xom.
 35033 | Vaults:3 | Noticed Sojobo
 35048 | Vaults:3 | Killed Sojobo
 35410 | Vaults:3 | Received a gift from Yredelemnul (a flayed ghost)
 35418 | Vaults:3 | Reached XP level 19. HP: 155/193 MP: 26/26
 36034 | Vaults:4 | Received a gift from Yredelemnul (a vampire knight)
 36122 | Vaults:4 | Found a ruined gateway.
 36133 | Vaults:4 | Received a gift from Yredelemnul (a phantasmal warrior)
 36213 | Vaults:4 | Gained mutation: Your magical capacity is low. (-10% MP)
                  | [mutagenic glow]
 36230 | Vaults:4 | Received a gift from Yredelemnul (a vampire)
 36405 | Vaults:4 | Received a gift from Yredelemnul (a skeletal warrior)
 37599 | Depths:1 | Entered Level 1 of the Depths
 37604 | Depths:1 | Received a gift from Yredelemnul (a phantasmal warrior)
 37706 | Depths:1 | Received a gift from Yredelemnul (a profane servitor)
 37720 | Depths:1 | Found a magical portal.
 37802 | WizLab   | Found a transporter.
 37805 | WizLab   | Found a corrupted altar of Lugonu.
 37806 | WizLab   | Found the +1 cloak of Starlight {rElec rC+ EV+4 Stlth--}
 37842 | WizLab   | Found the +2 cloak of the Thief {+Fog Slay-2 SInv Stlth+}
 37861 | WizLab   | Found a transporter.
 37927 | WizLab   | Found a corrupted altar of Lugonu.
 37940 | WizLab   | Found a transporter.
 37984 | WizLab   | Found a transporter.
 37984 | WizLab   | Found a transporter.
 38069 | WizLab   | Found a transporter.
 38131 | WizLab   | Found a transporter.
 38137 | WizLab   | Found a corrupted altar of Lugonu.
 38441 | WizLab   | Found a transporter.
 38478 | WizLab   | Found a transporter.
 38478 | WizLab   | Found a transporter.
 38512 | WizLab   | Found a transporter.
 38512 | WizLab   | Found a transporter.
 38550 | WizLab   | Found a transporter.
 38550 | WizLab   | Found a transporter.
 38606 | WizLab   | Found a transporter.
 38606 | WizLab   | Found a transporter.
 38657 | WizLab   | Found a transporter.
 38671 | WizLab   | Found a transporter.
 38762 | WizLab   | Got an ichor-stained cloak
 38800 | WizLab   | Found a transporter.
 38800 | WizLab   | Found a transporter.
 38845 | WizLab   | Identified the +0 cloak of the Dropbear {Str+2} (You found
                  | it in a wizard's laboratory)
 38976 | Depths:1 | Found a one-way gate leading to the halls of Pandemonium.
 38986 | Depths:1 | Received a gift from Yredelemnul (a phantasmal warrior)
 39030 | Depths:1 | Reached XP level 20. HP: 164/207 MP: 24/24
 39173 | Depths:1 | Found a gateway to Hell.
 39289 | Depths:2 | Found a one-way gate to the infinite horrors of the Abyss.
 39436 | Depths:2 | Received a gift from Yredelemnul (a flayed ghost)
 39486 | Depths:2 | Found Macwel's Book Shop.
 39582 | Depths:2 | Received a gift from Yredelemnul (a vampire knight)
 39629 | Depths:2 | Found Suewiuq's Jewellery Shoppe.
 39631 | Depths:2 | Found Syoniuz's Gadget Shop.
 39632 | Depths:2 | Found Bawuf's Jewellery Shoppe.
 39637 | Depths:2 | Bought a cursed ring of teleportation for 76 gold pieces
 39637 | Depths:2 | Bought a cursed amulet of inaccuracy for 34 gold pieces
 39637 | Depths:2 | Bought the amulet "Gebbis" {Regen+ Int+4 Dex+4} for 914
                  | gold pieces
 39643 | Depths:2 | Bought an uncursed ring of resist corrosion for 440 gold
                  | pieces
 39940 | Depths:2 | Received a gift from Yredelemnul (a ghoul)
 39973 | Depths:2 | Identified the ring of Atiunn {rElec rN++ rCorr Str+3}
 39974 | Depths:2 | Identified the +9 longbow of Lutuczu {freeze, rN+ Str-3
                  | Int+2}
 40109 | Depths:2 | Noticed a juggernaut
 40128 | Depths:2 | Killed a juggernaut
 40128 | Depths:2 | Received a gift from Yredelemnul (a phantasmal warrior)
 40479 | Depths:3 | Received a gift from Yredelemnul (a flayed ghost)
 40709 | Depths:2 | Paralysed by a vampire knight for 7 turns
 40714 | Depths:2 | HP: 5/211 [yaktaur[a yaktaur captain] (10)]
 40716 | Depths:2 | Mangled by a vampire knight

Levels and vault maps discovered:
D:1:      minmay_arrival_three_doors, layout_basic
D:2:      layout_loops_corners, lemuel_round_altar, overflow_temple_1_default,
          st_stairs_13, minmay_pentomino_u2
D:3:      layout_basic, xom_butterflies, lemuel_coloured_pillars_altar
D:4:      layout_loops_ring, first_ration, uniq_edmund, uniq_pikel
D:5:      layout_loops_ring, lemuel_crystal_altar,
          nemelex_xobeh_ov_fountains_minmay,
          nicolae_ossuary_entry_false_entrances
D:6:      layout_rooms, kennysheep_mini_moat, temple_pool_b
D:7:      layout_loops_corners, lemuel_blue_sif_altar, the_bakery, uniq_joseph,
          uniq_crazy_yiuf_cottage
D:8:      layout_loops_ring
D:9:      layout_layer_cave, old_standard_altar, orc_0_dummy,
          uniq_prince_ribbit1
D:10:     layout_layer_cave, gammafunk_ghost_stat_death,
          kennysheep_generic_room_9
D:11:     layout_basic, lair_entry_dummy, nicolae_trove_entry_free_sample,
          portal_ice_cave_entry_ice_beasts, lemuel_flame_loot_1
D:12:     layout_roguey
D:13:     layout_loops_ring, erik_vaults_1, serial_shops, shop, uniq_josephine
D:14:     layout_roguey, minmay_misc_feat_iff
D:15:     hangedman_depths_entry_try_elsewhere_first, layout_layer_cave,
          nicolae_gozag_cash_rules_everything_around_me, serial_bayou_crossing
Lair:1:   layout_layer_cave
Lair:2:   layout_chaotic_city, palyth_hydra_swamp_entry,
          spider_nest_entry_web_field, minivault_23, grunt_megastairs_3
Lair:3:   layout_hall_layers
Lair:4:   layout_gridlike, lemuel_fruit_tree, minmay_lair_oklob_chamber,
          grunt_megastairs_5
Lair:5:   layout_cave_pods, minmay_slime_entry_pillars,
          chequers_serial_rivers_micro_e, beast_lair_carwin_9
Lair:6:   hangedman_lair_tendril_chambers, layout_long_grid,
          guppyfry_lair_end_dragon, minivault_23, serial_bayou_shore_a
Swamp:1:  layout_falls_marsh, gammafunk_ghost_arena,
          evilmike_swamp_ruin_house_2, swamp_pool2
Swamp:2:  layout_basic_swamp, hangedman_swamp_diagram
Swamp:3:  layout_basic_swamp, hangedman_swamp_ruin_wall
Swamp:4:  grunt_swamp_rune_castle, layout_basic_swamp
Spider:1: layout_spider_delve
Spider:2: layout_spider_delve, hangedman_stitches_earthworm, uniq_jorgrun
Spider:3: layout_chambers
Spider:4: guppyfry_spider_rune, nicolae_spider_circle_web, uniq_bai_suzhen
Orc:1:    layout_caves
Orc:2:    st_orc_elflike, layout_caves, maelrawn_ghost_gauntlet_escape,
          serial_shops, shop
Vaults:1: hangedman_vaults_nails, v_misc_15, ontoclasm_vaults_pinch,
          v_alt_pattern_3, grunt_vaults_swirl, nicolae_vaults_disjoint_gnomons,
          dpeg_vaults_monster_box, nicolae_vaults_little_ls,
          nicolae_vaults_circle_grid_b, hangedman_vaults_stream,
          vaults_mumra_hexcomb, layout_vaults_omnibox, serial_shops, shop_statue
Vaults:2: nicolae_vaults_know_your_exits, nicolae_vaults_specimen_jars,
          nicolae_vaults_circle_grid_a, v_pattern_2, vaults_room_grid,
          v_misc_32, ontoclasm_vaults_loading_screen, hangedman_vaults_trim,
          minmay_crypt_entry_necro_gods, layout_vaults_omnigrid, basic_altar
Vaults:3: ontoclasm_vaults_claustrophobia, vaults_room_grid,
          nicolae_vaults_circle_grid_b, ontoclasm_vaults_spin,
          vaults_room_corners, ontoclasm_vaults_bender, vaults_room_ringed_pool,
          vaults_room_corners, v_alt_pattern_2, st_spiral_rooms,
          nicolae_vaults_diagonal_hallway_7, vaults_room_grid, vaults_mumra_hex,
          vaults_room_pools, layout_vaults_maze_snakey, basic_altar, uniq_sojobo
Vaults:4: nicolae_vaults_mini_display_case, nicolae_vaults_alarming,
          st_quartered_hall, v_misc_11, hangedman_vaults_restitches, v_misc_18,
          nicolae_vaults_little_squares_2, layout_vaults_ring,
          portal_desolation_entry_garden
Depths:1: layout_cave_shapes, lightli_too_deep, mu_enter_wizlab_4, pan_entry,
          corexii_hall_statues_x, lemuel_old_faithful
Depths:2: minmay_the_grid_4x2 [minmay_the_grid_spin_star, minmay_the_grid_x,
          minmay_the_grid_outer_diamond, minmay_the_grid_minigrid_small,
          minmay_the_grid_tree, minmay_the_grid_tri_star,
          minmay_the_grid_all_tris,
          minmay_the_grid_prize_four_corners_diamond_b], layout_cave_pools,
          pf_coc_iceberg, abyss_entry, serial_shops, kennysheep_little_box,
          serial_glass, glass_columns_b, glass_columns_c, minmay_shop_grove,
          infiniplex_staircase_zigzag_3
Depths:3: hangedman_cross_stitches, layout_cave_pools, rand_demon_pan_entry_3,
          hell_entry, serial_shops, shop, chequers_decorated_corner

Skill      XL: |  1  2  3  4  5  6  7  8  9 10 11 12 13 14 15 16 17 18 19 20 |
---------------+-------------------------------------------------------------+-----
Polearms       | 3 4 5 7 9 11 13 14 | 14.1
Fighting       | 7 10 13 15 17 19 21 22 24 25 | 25.4
Armour         | 7 10 13 15 17 19 21 22 24 25 | 25.3
Shields        | 8 10 | 10.0
Invocations    | 6 10 | 10.7
Evocations     | 5 6 |  6.7

Action                   |  1- 3 |  4- 6 |  7- 9 | 10-12 | 13-15 | 16-18 | 19-21 || total
-------------------------+-------+-------+-------+-------+-------+-------+-------++-------
Melee: Trident           |    83 |   184 |   390 |   731 |  1510 |  1104 |   810 ||  4812
       Headbutt          |    12 |    19 |    64 |   153 |   342 |   257 |   241 ||  1088
Invok: Animate Remains   |       |    10 |       |       |       |       |       ||    10
       Animate Dead      |       |       |    14 |    40 |    82 |    96 |    45 ||   277
       Recall Undead Sla |       |       |       |     1 |     1 |     2 |       ||     4
       Drain Life        |       |       |       |       |     2 |       |       ||     2
 Abil: Evoke Flight      |       |       |       |       |     7 |     2 |     2 ||    11
Evoke: Wand              |       |       |       |     1 |     2 |     4 |     1 ||     8
  Use: Potion            |     3 |     6 |     4 |     2 |     3 |     1 |       ||    19
       Scroll            |     3 |     5 |     6 |     3 |    14 |     5 |     4 ||    40
 Stab: Distracted        |       |       |       |     4 |    19 |    19 |    18 ||    60
       Invisible         |       |       |       |       |       |       |     2 ||     2
       Paralysed         |       |       |       |       |       |       |     3 ||     3
  Eat: Chunk             |     1 |     6 |    15 |    25 |    43 |    39 |    26 ||   155
       Ration            |       |     1 |       |     4 |     7 |     5 |     2 ||    19
Armor: Scale mail        |    11 |       |       |       |       |       |       ||    11
       Chain mail        |    18 |    74 |   125 |   142 |       |   121 |       ||   480
       Plate armour      |       |       |       |    64 |   350 |   173 |   240 ||   827
Dodge: Dodged            |    19 |    26 |    36 |    81 |   145 |   132 |   135 ||   574
Block: Shield            |    27 |    79 |    90 |   172 |   570 |   432 |   331 ||  1701
